 Dungeon Crawl Stone Soup version 0.28-a0-863-g8cecda6153 (webtiles) character file.

Game seed: 16092642994227199142

67 Htamos the Conjurer (level 4, -6/24 HPs)
             Began as a Deep Elf Conjurer on Nov 17, 2021.
             Was an Initiate of Qazlal.
             Mangled by Grinder (8 damage)
             ... on level 3 of the Dungeon.
             The game lasted 00:05:28 (2059 turns).

Htamos the Conjurer (Deep Elf Conjurer)             Turns: 2059, Time: 00:05:28

Health: -6/24      AC:  3    Str:  5    XL:     4   Next: 0%
Magic:  3/12       EV: 13    Int: 23    God:    Qazlal [......]
Gold:   59         SH:  0    Dex: 13    Spells: 0/11 levels left

rFire   . . .      SeeInvis .   b - +0 rapier
rCold   . . .      Faith    .   (no shield)
rNeg    . . .      Spirit   .   a - +0 robe
rPois   .          Reflect  .   (no helmet)
rElec   .          Harm     .   j - +0 cloak
rCorr   .          Rampage  .   (no gloves)
Will    .....                   (no boots)
Stlth   ++........              (no amulet)
HPRegen 0.08/turn               (no ring)
MPRegen 0.13/turn               (no ring)

@: attractive, flying (expiring)
A: no striking features
a: Renounce Religion


You were on level 3 of the Dungeon.
You worshipped Qazlal.
Qazlal was noncommittal.
You visited 1 branch of the dungeon, and saw 3 of its levels.

You collected 59 gold pieces.

Inventory:

Hand Weapons
 b - a +0 rapier (weapon)
Missiles
 k - 25 poisoned darts
Armour
 a - a +0 robe (worn)
 i - a +0 scale mail
 j - a +0 cloak (worn)
Scrolls
 g - a scroll of identify {@rr}
 h - a scroll of noise
Potions
 e - a potion of curing {@qc}


   Skills:
 + Level 0.9 Fighting
 + Level 3.2 Dodging
 - Level 2.8 Stealth
 * Level 4.2 Spellcasting
 + Level 4.8 Conjurations


You couldn't memorise any spells.
You knew the following spells:

 Your Spells              Type           Power      Damage    Failure   Level
a - Magic Dart            Conj           100%       1d8       1%          1
b - Searing Ray           Conj           52%        2d6       2%          2
c - Fulminant Prism       Conj/Hex       7%         3d7       36%         4
d - Iskenderun's Mystic   Conj/Tloc      15%        2d5       36%         4

Your spell library contained the following spells:

 Spells                   Type           Power      Damage    Failure   Level
 Dazzling Flash           Conj/Hex       30%        N/A       12%         3


Dungeon Overview and Level Annotations

Branches:
Dungeon (3/15)

Altars:
Qazlal

Shops:
D:2 :

Annotations:
D:3 Grinder


Message History

Aiming: Magic Dart (safe; 1% risk of failure)
Press: ? - help, Shift-Dir - straight line, f/p - Grinder
Aim: Grinder (severely wounded, 100% to hit)
The magic dart hits Grinder but does no damage.
Grinder is severely wounded.
Unknown command.
Casting: Magic Dart (safe; 1% risk of failure)
Confirm with . or Enter, or press ? or * to list all spells.
Aiming: Magic Dart (safe; 1% risk of failure)
Press: ? - help, Shift-Dir - straight line, f/p - Grinder
Aim: Grinder (severely wounded, 100% to hit)
The magic dart hits Grinder.
Grinder is severely wounded.
* * * LOW MAGIC WARNING * * *
Grinder drinks a potion.
Grinder flickers and vanishes!
Deactivating autopickup; reactivate with Ctrl-A.
Unknown command.
Casting: Magic Dart (safe; 1% risk of failure)
Confirm with . or Enter, or press ? or * to list all spells.
You don't have enough magic to cast this spell.
It was a potion of attraction.
You feel attractive to monsters.
You suddenly lose the ability to move!
Something is attracted toward you. Something hits you.
You shrug off the repeated paralysis!
You can move again.
Unknown command.
Unknown command.
Unknown command.
You closely miss something. Something hits you but does no damage.
You closely miss something. Something hits you!
* * * LOW HITPOINT WARNING * * *
You writhe in agony.
* * * LOW HITPOINT WARNING * * *
Something tries to affect you, but you resist.
Unknown command.
You hit something.
You are starting to lose your buoyancy.
Something hits you!
You die...

##### # #...#
##.#
....#...#....#
.......@..#
##....{...#
#........#
#.....?###
####...# #####


There were no monsters in sight!

Vanquished Creatures
  3 adders (D:3)
  4 endoplasms
  3 giant cockroaches (D:1)
  3 hobgoblins
  2 jackals (D:1)
  4 kobolds
  A quokka (D:1)
  7 ball pythons
  4 bats
  4 frilled lizards
  2 goblins (D:2)
  4 rats
41 creatures vanquished.

Vanquished Creatures (others)
  A fulminant prism (D:3)
1 creature vanquished.

Grand Total: 42 creatures vanquished

Notes
Turn   | Place    | Note
-------+----------+-------------------------------------------
     0 | D:1      | Htamos the Deep Elf Conjurer began the quest for the Orb.
     0 | D:1      | Reached XP level 1. HP: 10/10 MP: 6/6
   282 | D:1      | Reached XP level 2. HP: 15/15 MP: 6/8
  1200 | D:2      | Found a stormy altar of Qazlal.
  1208 | D:2      | Became a worshipper of Qazlal Stormbringer
  1250 | D:2      | Reached XP level 3. HP: 20/20 MP: 6/10
  1430 | D:2      | Found Nittir's Book Boutique.
  1723 | D:3      | Found a faded altar of an unknown god.
  1769 | D:3      | Reached XP level 4. HP: 24/24 MP: 8/12
  1800 | D:3      | Noticed a sky beast
  1805 | D:3      | Learned a level 2 spell: Searing Ray
  1810 | D:3      | Learned a level 4 spell: Fulminant Prism
  1815 | D:3      | Learned a level 4 spell: Iskenderun's Mystic Blast
  2042 | D:3      | Noticed Grinder
  2054 | D:3      | Paralysed by something for 3 turns
  2059 | D:3      | Mangled by Grinder

Illustrated notes

Levels and vault maps discovered:
D:1:      roderic_octagonal_star, layout_loops_corners, grunt_decor_arrowhead
D:2:      layout_rooms, serial_shops, shop_fountains, basic_altar
D:3:      layout_loops_cross, nicolae_ecumenical_snake_handling, uniq_grinder,
          uniq_robin

Skill      XL: |  1  2  3 |
---------------+----------+-----
Dodging        | 3 |  3.2
Spellcasting   | 4 |  4.2
Fighting       | |  0.9
Stealth        | |  2.8
Conjurations   | |  4.8

Action                   |  1- 3 |  4- 6 || total
-------------------------+-------+-------++-------
Melee: Rapier            |    10 |     3 ||    13
 Cast: Magic Dart        |    61 |    12 ||    73
       Searing Ray       |       |     2 ||     2
       Fulminant Prism   |       |     1 ||     1
  Use: Potion            |       |     4 ||     4
       Scroll            |       |     2 ||     2
Armor: Robe              |     3 |     1 ||     4
Dodge: Dodged            |    12 |     5 ||    17

Table legend: (Time is in decaauts)
 A = Elapsed time spent in this place.
 B = Non-inter-level travel time spent in this place.
 C = Inter-level travel time spent in this place.
 D = Time resting spent in this place.
 E = Time spent auto-exploring this place.
 F = Levels seen in this place.
 G = Mean time per level.
                   A        B        C        D        E       F      G
               +--------+--------+--------+--------+--------+-----+--------+
         Total |   2061 |   1962 |     99 |    126 |   1540 |   3 |  687.0 |
       Dungeon |   2061 |   1962 |     99 |    126 |   1540 |   3 |  687.0 |
               +--------+--------+--------+--------+--------+-----+--------+

Top non-repeatable levels by time:
     D:1: 1061 daAuts
     D:2: 732 daAuts
     D:3: 267 daAuts
